 Dungeon Crawl Stone Soup version 0.28-a0-730-g892d06dc2c (webtiles) character file.

Game seed: 6206986060203063196

51 Rocko1345 the Skirmisher (level 3, 0/29 HPs)
             Began as a Demonspawn Abyssal Knight on Oct 28, 2021.
             Was a Follower of Lugonu.
             Slain by a black bear (4 damage)
             ... on level 2 of the Dungeon.
             The game lasted 00:08:10 (1501 turns).

Rocko1345 the Skirmisher (DsAK)                     Turns: 1501, Time: 00:08:11

Health: 0/29       AC:  3    Str: 13    XL:     3   Next: 58%
Magic:  4/4        EV: 11    Int: 11    God:    Lugonu [*.....]
Gold:   56         SH:  0    Dex: 14    Spells: 2/2 levels left

rFire   . . .      SeeInvis .   f - +0 hunting sling
rCold   . . .      Faith    .   (no shield)
rNeg    . . .      Spirit   .   b - +0 leather armour
rPois   .          Reflect  .   (no helmet)
rElec   .          Harm     .   (no cloak)
rCorr   .          Rampage  .   (no gloves)
Will    .....                   (no boots)
Stlth   +.........              (no amulet)
HPRegen 0.09/turn               (no ring)
MPRegen 0.18/turn               (no ring)

@: no status effects
A: demonic guardian 1, magic regeneration
a: Renounce Religion, Depart the Abyss


You were on level 2 of the Dungeon.
You worshipped Lugonu.
Lugonu was aware of your devotion.
You visited 1 branch of the dungeon, and saw 2 of its levels.
You visited the Abyss 1 time.

You collected 56 gold pieces.

Inventory:

Hand Weapons
 a - a +1 falchion
 f - a +0 hunting sling (weapon)
Missiles
 c - 66 stones (quivered ammo)
Armour
 b - a +0 leather armour (worn)
Scrolls
 d - a scroll of teleportation {unknown}
 h - a scroll of enchant armour {unknown}
 i - a scroll of enchant weapon {unknown}
Potions
 g - a potion of attraction {unknown}
 j - a potion of cancellation {unknown}


   Skills:
 * Level 3.5 Fighting
 * Level 2.1 Long Blades
 * Level 1.6 Slings
 * Level 2.0 Armour
 + Level 1.0 Dodging
 + Level 2.6 Invocations


You had 2 spell levels left.
You didn't know any spells.
Your spell library contained the following spells:

 Spells                   Type           Power      Damage    Failure   Level
 Blink                    Tloc           0%         N/A       56%         2
 Manifold Assault         Tloc           0%         N/A       100%        5
 Storm Form               Tmut/Air       0%         N/A       100%        7


Dungeon Overview and Level Annotations

Branches:
Dungeon (2/15)

Altars:


Innate Abilities, Weirdness & Mutations

A weak demonic guardian rushes to your aid.
You regenerate magic rapidly.


Message History

It was a potion of heal wounds.
You feel much better. The adder bites you. The black bear closely misses you.
The black bear claws you.
The black bear claws you but does no damage.
The adder bites you but does no damage. The adder bites you.
A demonic guardian appears!
You open the door. The adder closely misses you.
The black bear bites you but does no damage.
The black bear claws you.
The black bear claws you but does no damage.
Your ufetubus hits the adder but does no damage. x2
The adder bites you.
Your ufetubus hits the adder. Your ufetubus misses the adder.
The black bear bites you. The black bear closely misses you.
The black bear claws you.
Your ufetubus hits the adder.
Your ufetubus barely misses the adder.
There is an open door here.
Your ufetubus hits the adder. Your ufetubus misses the adder.
The adder barely misses your ufetubus.
Your ufetubus misses the adder. Your ufetubus hits the adder.
The adder bites your ufetubus but does no damage.
Your ufetubus barely misses the adder. x2
The adder closely misses your ufetubus.
Your ufetubus barely misses the adder.
Your ufetubus misses the adder.
Your ufetubus barely misses the adder.
Your ufetubus hits the adder.
The adder dies!
Lugonu accepts your kill.
There is a stone staircase leading down here.
Your ufetubus closely misses the black bear.
Your ufetubus barely misses the black bear.
Your ufetubus closely misses the black bear.
Your ufetubus completely misses the black bear.
Your ufetubus hits the black bear. x2
Your ufetubus barely misses the black bear.
Your ufetubus hits the black bear but does no damage.
The black bear bites you!
* * * LOW HITPOINT WARNING * * *
A demonic guardian appears!
The black bear claws you.
* * * LOW HITPOINT WARNING * * *
The black bear claws you.
You die...

## ##### . ...#
#####+#######
#.#.####..........##
#.#...............##
#.#........>......'†
#...h5............#.
##.@....#+#..#####..
#..5...'.#..###....
#.....#.#....##....
#.#†#.#^#....##....
#.#'#.#_#..........
#####.....###..........
#<........##....#.#.#..
###.......##...........
####....####..#.#.#..


You could see a black bear (ally target), a friendly shadow imp (summoned) and a
friendly ufetubus (summoned).

Vanquished Creatures
  A worm (D:2)
  2 endoplasms
  2 giant cockroaches
  4 goblins
  8 hobgoblins
  6 kobolds
  A quokka (D:2)
  5 ball pythons
  2 bats
  2 frilled lizards
  3 rats
36 creatures vanquished.

Vanquished Creatures (collateral kills)
  An adder (D:2)
1 creature vanquished.

Vanquished Creatures (others)
  5 plants (D:1)
5 creatures vanquished.

Grand Total: 42 creatures vanquished

Notes
Turn   | Place    | Note
-------+----------+-------------------------------------------
     0 | Abyss:1  | Rocko1345 the Demonspawn Abyssal Knight began the quest for
                  | the Orb.
     0 | Abyss:1  | Reached XP level 1. HP: 18/18 MP: 2/2
     2 | Abyss:1  | Found a corrupted altar of Lugonu.
     6 | Abyss:1  | Found a corrupted altar of Lugonu.
    16 | Abyss:1  | Noticed a small abomination
    23 | D:1      | Escaped the Abyss
   106 | D:1      | Reached skill level 1 in Dodging
   292 | D:1      | Reached * piety under Lugonu
   326 | D:1      | Gained mutation: A weak demonic guardian rushes to your
                  | aid. [demonic ancestry]
   326 | D:1      | Reached XP level 2. HP: 24/24 MP: 3/3
  1153 | D:2      | Gained mutation: You regenerate magic rapidly. [demonic
                  | ancestry]
  1153 | D:2      | Reached XP level 3. HP: 29/29 MP: 4/4
  1284 | D:2      | Reached skill level 1 in Slings
  1418 | D:2      | Found a faded altar of an unknown god.
  1461 | D:2      | Noticed a black bear
  1501 | D:2      | Slain by a black bear

Illustrated notes

Levels and vault maps discovered:
D:1:      tarquinn_simple_flora_water_a, layout_loops_ring,
          wad_floor_pattern_untrapped
D:2:      minmay_alternating_diamond, layout_basic, serial_glass,
          glass_columns_b, glass_columns_c, glass_columns_c, glass_columns_b,
          glass_columns_b, glass_columns_a,
          hellmonk_ecumenical_altar_leap_of_faith, minmay_quantized

Skill      XL: |  1  2  3 |
---------------+----------+-----
Dodging        | 1 |  1.0
Long Blades    | 2 |  2.1
Armour         | 2 |  2.0
Slings         | 1 |  1.6
Fighting       | |  3.5
Invocations    | |  2.6

Action                   || total
-------------------------++-------
Melee: Falchion          ||    50
 Fire: Hunting sling     ||    61
Invok: Depart the Abyss  ||     1
  Use: Potion            ||     1
 Stab: Distracted        ||     1
Armor: Leather armour    ||    21
Dodge: Dodged            ||    37

Table legend: (Time is in decaauts)
 A = Elapsed time spent in this place.
 B = Non-inter-level travel time spent in this place.
 C = Inter-level travel time spent in this place.
 D = Time resting spent in this place.
 E = Time spent auto-exploring this place.
 F = Levels seen in this place.
 G = Mean time per level.
                   A        B        C        D        E       F      G
               +--------+--------+--------+--------+--------+-----+--------+
         Total |   1527 |   1490 |     37 |    261 |    780 |   3 |  509.0 |
       Dungeon |   1493 |   1456 |     37 |    261 |    780 |   2 |  746.5 |
         Abyss |     34 |     34 |      0 |      0 |      0 |   1 |   34.0 |
               +--------+--------+--------+--------+--------+-----+--------+

Top non-repeatable levels by time:
     D:1: 1068 daAuts
     D:2: 425 daAuts
 Abyss:1: 34 daAuts
